 Dungeon Crawl Stone Soup version 0.30-a0-272-gf98c3da03f (webtiles) character file.

Game seed: 5114255257717670384

16 Morbidden the Trooper (level 2, 1/27 HPs)
             Began as a Formicid Wanderer on Oct 15, 2022.
             Quit the game on level 2 of the Dungeon.
             The game lasted 00:00:29 (148 turns).

Morbidden the Trooper (Formicid Wanderer)            Turns: 148, Time: 00:00:30

Health: 1/27       AC:  4    Str: 17    XL:     2   Next: 70%
Magic:  2/2        EV: 11    Int: 10    God:
Gold:   0          SH:  0    Dex: 13    Spells: 1/1 levels left

rFire   . . .      SeeInvis +    a - +3 mace
rCold   . . .      Faith    .    (no shield)
rNeg    . . .      Spirit   .    d - +0 leather armour
rPois   .          Reflect  .    (helmet unavailable)
rElec   .          Harm     .    (no cloak)
rCorr   .          Rampage  .    b - +0 pair of gloves
Will    .....                    (no boots)
Stlth   ++........               (no amulet)
HPRegen 0.24/turn                (no ring)
MPRegen 0.08/turn                (no ring)

@: mildly poisoned (1 -> 1)
A: permanent stasis, dig shafts and tunnels, antennae 3, four strong arms
a: Dig, Shaft Self


You were on level 2 of the Dungeon.
You visited 1 branch of the dungeon, and saw 2 of its levels.

Inventory:

Hand Weapons
 a - a +3 mace (weapon)
Armour
 b - a +0 pair of gloves (worn)
 d - a +0 leather armour (worn)
Scrolls
 e - 2 scrolls of teleportation {unknown}
 g - 2 scrolls of enchant armour {unknown}
Potions
 c - a potion of heal wounds
 f - a potion of ambrosia {unknown}


   Skills:
 * Level 5.0 Fighting
 * Level 2.0 Maces & Flails
 * Level 0.4 Dodging
 + Level 3.6 Stealth
 + Level 1.2 Evocations


You had one spell level left.
You didn't know any spells.
Your spell library contained the following spells:

 Spells                   Type           Power      Damage    Failure   Level
 Beastly Appendage        Tmut           0%         N/A       43%         1
 Wereblood                Tmut           0%         N/A       56%         2
 Spider Form              Tmut/Pois      0%         N/A       80%         3


Dungeon Overview and Level Annotations

Branches:
Dungeon (1/15)

Altars:


Innate Abilities, Weirdness & Mutations

You cannot be hasted, slowed, berserked, paralysed or teleported.
You can dig through walls and to a lower floor.
You have a pair of large antennae on your head. (SInv)
Your four strong arms can wield two-handed weapons with a shield.


Message History

The ball python bites you but does no damage.
The ball python constricts you.
You closely miss the adder.
The adder is heavily wounded.
You feel sick. The adder closely misses you. The ball python barely misses you.
The ball python constricts you. The adder bites you.
You are more poisoned.
The adder poisons you!
Unknown command.
You hit the adder.
The adder is almost dead.
You feel sick. The ball python closely misses you.
The ball python constricts you. The adder closely misses you.
The ball python bites you but does no damage.
The ball python constricts you.
* * * LOW HITPOINT WARNING * * *
You hit the adder.
You kill the adder!
You feel sick. The ball python closely misses you.
The ball python constricts you.
Your Fighting skill increases to level 5!
Unknown command.
The ball python's grasp on you weakens, but your attempt to escape fails.
You feel sick.
The ball python bites you but does no damage.
The ball python constricts you.
* * * LOW HITPOINT WARNING * * *
The ball python barely misses you. The ball python constricts you.
* * * LOW HITPOINT WARNING * * *
You escape the ball python's grasp.
* * * LOW HITPOINT WARNING * * *
You feel sick.
Unknown command.
A ball python comes into view.
Found a scroll labelled INU SARUPYRRIW.
* * * LOW HITPOINT WARNING * * *
You feel sick.
Unknown command.
Unknown command.
Are you sure you want to abandon this character and quit the game? (Confirm with "yes".)

#......# #...###
#.#........
#......# #...#
#.....>####
#......# #...#
#.#....# #......#
#...#######...###.#
########
####.....##... .#
####.....##... ##
#........##..
#....S...#
#....@...#
#........#
#........#
#........#
..........+
.##........#
#........#
#.....?.S#


You could see 2 ball pythons.

Vanquished Creatures
  An adder (D:2)
  An endoplasm (D:2)
  A giant cockroach (D:2)
  A kobold (D:2)
  A frilled lizard (D:2)
  A goblin (D:2)
  2 rats (D:2)
8 creatures vanquished.

Notes
Turn   | Place    | Note
-------+----------+-------------------------------------------
     0 | D:1      | Morbidden the Formicid Wanderer began the quest for the
                  | Orb.
     0 | D:1      | Morbidden set off with the following items: a +3 mace, a +0
                  | pair of gloves, a potion of heal wounds, a +0 leather
                  | armour.
     0 | D:1      | Reached XP level 1. HP: 20/20 MP: 1/1
    17 | D:1      | You fall into a shaft and drop 1 floor!
    65 | D:2      | Reached XP level 2. HP: 26/26 MP: 2/2
   145 | D:2      | Reached skill level 5 in Fighting
   147 | D:2      | HP: 1/27 [poisoned by an adder]
   148 | D:2      | Quit the game

Illustrated notes

Levels and vault maps discovered:
D:1:      dpeg_arrival_more_subterranean_lakeside_camping, layout_basic,
          dreamdust_ecumenical_altar_drowned_temple, serial_bayou,
          serial_bayou_lake_a, serial_bayou_shore_a, serial_bayou_pond_e,
          serial_bayou_pond_b, minmay_misc_feat_columns, hangedman_decor_points,
          nrook_mini_backslash
D:2:      layout_basic, glass_columns_a

Skill      XL: |  1  2 |
---------------+-------+-----
Fighting       | 5 |  5.0
Maces & Flails | |  2.0
Dodging        | |  0.4
Stealth        | |  3.6
Evocations     | |  1.2

Action                   || total
-------------------------++-------
Melee: Mace              ||    19
Armor: Leather armour    ||    12
Dodge: Dodged            ||    20

Table legend: (Time is in decaauts)
 A = Elapsed time spent in this place.
 B = Non-inter-level travel time spent in this place.
 C = Inter-level travel time spent in this place.
 D = Time resting spent in this place.
 E = Time spent auto-exploring this place.
 F = Levels seen in this place.
 G = Mean time per level.
                   A        B        C        D        E       F      G
               +--------+--------+--------+--------+--------+-----+--------+
         Total |    154 |    154 |      0 |      0 |    102 |   2 |   77.0 |
       Dungeon |    154 |    154 |      0 |      0 |    102 |   2 |   77.0 |
               +--------+--------+--------+--------+--------+-----+--------+

Top non-repeatable levels by time:
     D:2: 136 daAuts
     D:1: 18 daAuts
